 Dungeon Crawl Stone Soup version 0.28-a0-1117-g0bdd5ba030 (webtiles) character file.

Game seed: 17298516579694461975

374 SensoryNuts the Cutter (level 6, -6/53 HPs)
             Began as a Draconian Monk on Dec 11, 2021.
             Was a Priest of Qazlal.
             Killed from afar by a steam dragon (12 damage)
             ... with a ball of steam
             ... on level 6 of the Dungeon.
             The game lasted 00:05:04 (3032 turns).

SensoryNuts the Cutter (Draconian Monk)             Turns: 3032, Time: 00:05:04

Health: -6/53      AC:  6    Str: 15    XL:     6   Next: 43%
Magic:  6/6        EV: 13    Int: 10    God:    Qazlal [***...]
Gold:   167        SH:  4    Dex: 14    Spells: 5/5 levels left

rFire   . . .      SeeInvis .   b - +2 dagger (freeze)
rCold   . . .      Faith    .   (no shield)
rNeg    . . .      Spirit   .   (armour unavailable)
rPois   .          Reflect  .   (helmet restricted)
rElec   .          Harm     .   (no cloak)
rCorr   .          Rampage  .   (no gloves)
Will    .....                   (no boots)
Stlth   ++........              (no amulet)
HPRegen 0.17/turn               (no ring)
MPRegen 0.10/turn               (no ring)

@: no status effects
A: AC +6, unfitting armour, cold-blooded
a: Renounce Religion, Upheaval, Elemental Force


You were on level 6 of the Dungeon.
You worshipped Qazlal.
Qazlal was most pleased with you.
You visited 1 branch of the dungeon, and saw 4 of its levels.

You collected 167 gold pieces.

Inventory:

Hand Weapons
 a - a +1 short sword
 b - a +2 dagger of freezing (weapon)
Armour
 h - a +0 helmet
Jewellery
 d - a ring of ice
 j - an amulet of magic regeneration
Scrolls
 c - a scroll of enchant weapon
 f - a scroll of noise {unknown}
 i - a scroll of enchant armour {unknown}
Potions
 e - a potion of curing {unknown}


   Skills:
 + Level 4.4 Fighting
 + Level 4.7 Short Blades
 + Level 4.3 Dodging
 + Level 2.8 Stealth
 + Level 1.5 Shields


You had 5 spell levels left.
You didn't know any spells.
Your spell library contained the following spells:

 Spells                   Type           Power      Damage    Failure   Level
 Passwall                 Tmut/Erth      0%         N/A       50%         2
 Call Canine Familiar     Summ           0%         N/A       75%         3
 Portal Projectile        Hex/Tloc       0%         N/A       75%         3
 Swiftness                Air            0%         N/A       75%         3
 Leda's Liquefaction      Hex/Erth       0%         N/A       98%         4


Dungeon Overview and Level Annotations

Branches:
Dungeon (3/15)

Altars:
Qazlal

Shops:
D:1 !


Innate Abilities, Weirdness & Mutations

Your plain brown scales are hard. (AC +6)
You cannot fit into any form of body armour.
You are cold-blooded and may be slowed by cold attacks.


Message History

Unknown command.
You feel very sick.
A gnoll comes into view. It is wielding a +0 club.
You feel sick.
You feel sick.
You feel sick.
You feel sick.
You feel sick.
You feel sick.
You feel sick.
You are no longer poisoned.
Found a scale mail.
The gnoll misses you. You block the gnoll's attack.
The gnoll closely misses you. The gnoll closely misses you.
The gnoll misses you.
Okay, then.
Blink to where?
Press: ? - help, Dir - move target
As you read the scroll labelled APPUAN TETOXTO, it crumbles to dust.
It was a scroll of blinking.
The gnoll hits you with a +0 club. The gnoll closely misses you.
The gnoll closely misses you. The gnoll completely misses you.
Found 13 bolts.
Found a glowing dagger.
Found 20 stones.
Found 10 arrows.
You see here a +2 dagger of venom.
The steam dragon breathes steam at you. The ball of steam hits you!
* * * LOW HITPOINT WARNING * * *
The steam dragon breathes steam at you. The ball of steam hits you.
* * * LOW HITPOINT WARNING * * *
The steam dragon breathes steam at you. The ball of steam hits you!
You die...

....≈ #.8.. . #...≈ ..
#.≈≈≈ .# .... ..
.####..###.###.
............... #@# #§#
#....# #§# #.#..#####
#.# #....#..(##
#.###.#..#..#.#
#§....g..#....#
#D###........ #.#
####.#.#######
#######.###§§§gDg.......


There were no monsters in sight!

Vanquished Creatures
  A water moccasin (D:6)
  A bullfrog (D:6)
  Natasha (thrice) (D:2)
  6 gnolls
  An adder (D:2)
  An ufetubus (D:3)
  A dart slug (D:3)
  6 ball pythons
  3 endoplasms
  5 giant cockroaches
  6 goblins
  2 hobgoblins (D:2)
  4 bats
  2 frilled lizards
  6 kobolds
  5 rats
53 creatures vanquished.

Vanquished Creatures (others)
  A gnoll (D:6)
1 creature vanquished.

Grand Total: 54 creatures vanquished

Notes
Turn   | Place    | Note
-------+----------+-------------------------------------------
     0 | D:1      | SensoryNuts the Draconian Monk began the quest for the Orb.
     0 | D:1      | Reached XP level 1. HP: 19/19 MP: 1/1
   130 | D:1      | Reached XP level 2. HP: 26/26 MP: 2/2
   356 | D:1      | Found Xises's Distillery.
   376 | D:1      | Found a faded altar of an unknown god.
   455 | D:1      | Prayed at the altar of an unknown god.
   455 | D:1      | Became a worshipper of Qazlal Stormbringer
   455 | D:1      | Reached * piety under Qazlal
   455 | D:1      | Reached ** piety under Qazlal
   935 | D:2      | Noticed Natasha
   950 | D:2      | Reached XP level 3. HP: 8/31 MP: 3/3
   952 | D:2      | Killed Natasha
  1257 | D:2      | Noticed Natasha
  1262 | D:2      | Killed Natasha
  1263 | D:2      | Reached XP level 4. HP: 24/40 MP: 4/4
  1319 | D:2      | Noticed Natasha
  1330 | D:2      | Killed Natasha
  1527 | D:2      | Reached *** piety under Qazlal
  2187 | D:3      | Reached XP level 5. HP: 20/46 MP: 5/5
  2815 | D:3      | You fall into a shaft and drop 3 floors!
  2835 | D:6      | Reached skill level 1 in Shields
  2879 | D:6      | Noticed a water moccasin
  2904 | D:6      | Noticed a steam dragon
  2906 | D:6      | Killed a water moccasin
  2907 | D:6      | Reached XP level 6. HP: 21/53 MP: 2/6
  3032 | D:6      | Killed from afar by a steam dragon

Illustrated notes

Levels and vault maps discovered:
D:1:      dpeg_arrival_prison, layout_loops_ring, serial_shops,
          nicolae_lakefront_shop, shapermc_ecumenical_altar_venn,
          minmay_misc_feat_diagonals, minmay_hexomino_u4
D:2:      layout_basic, uniq_natasha
D:3:      layout_basic, zin_angel, supply_closet_lemuel, hangedman_decor_push
D:6:      layout_loops_ring, mainiacjoe_overflow_catwalk, roderic_roman_lattice,
          hangedman_decor_slide_cut, minmay_crystal_water,
          hangedman_abyss_or_decor_passed

Skill      XL: |  1  2  3  4  5 |
---------------+----------------+-----
Dodging        | 3 4 |  4.3
Stealth        | 2 |  2.8
Short Blades   | 4 |  4.7
Fighting       | 4 |  4.4
Shields        | 1 |  1.5

Action                   |  1- 3 |  4- 6 || total
-------------------------+-------+-------++-------
Melee: Short sword       |    71 |    84 ||   155
       Tailslap          |    10 |    18 ||    28
       Dagger            |       |    39 ||    39
Invok: Upheaval          |       |     1 ||     1
  Use: Scroll            |       |     4 ||     4
 Stab: Sleeping          |     4 |       ||     4
Armor: Skin              |    19 |    30 ||    49
Dodge: Dodged            |    64 |    91 ||   155
Block: Other             |    12 |    27 ||    39

Table legend: (Time is in decaauts)
 A = Elapsed time spent in this place.
 B = Non-inter-level travel time spent in this place.
 C = Inter-level travel time spent in this place.
 D = Time resting spent in this place.
 E = Time spent auto-exploring this place.
 F = Levels seen in this place.
 G = Mean time per level.
                   A        B        C        D        E       F      G
               +--------+--------+--------+--------+--------+-----+--------+
         Total |   3017 |   3017 |      0 |      0 |   2258 |   4 |  754.2 |
       Dungeon |   3017 |   3017 |      0 |      0 |   2258 |   4 |  754.2 |
               +--------+--------+--------+--------+--------+-----+--------+

Top non-repeatable levels by time:
     D:2: 1194 daAuts
     D:1: 920 daAuts
     D:3: 693 daAuts
     D:6: 208 daAuts
